 Dungeon Crawl Stone Soup version 0.27-a0-668-gb5737ff2c0 (webtiles) character file.

Game seed: 152416865258031180

101 tilp the Sneak (level 4, -1/31 HPs)
             Began as an Octopode Transmuter on Mar 17, 2021.
             Slain by an orc
             ... wielding a +0 mace of distortion
              (12 damage)
             ... on level 3 of the Dungeon.
             The game lasted 00:03:23 (2066 turns).

tilp the Sneak (Octopode Transmuter)                Turns: 2066, Time: 00:03:23

Health: -1/31      AC:  1    Str:  9    XL:     4   Next: 75%
Magic:  4/7        EV: 13    Int: 16    God:
Gold:   69         SH:  0    Dex: 12    Spells: 4/7 levels left

rFire    . . .     SeeInvis .     - Unarmed
rCold    . . .     Faith    .   (no shield)
rNeg     . . .     Spirit   .   (helmet currently unavailable)
rPois    .         Reflect  .   (no amulet)
rElec    .         Harm     .   (no ring)
rCorr    .         Rampage  .   (no ring)
Will     .....                  (no ring)
Stlth    +++.......             (no ring)
HPRegen  0.10/turn              (no ring)
MPRegen  0.10/turn              (no ring)
                                (no ring)
                                (no ring)

@: appendages (expiring), wereblooded
A: tentacle spike 3, almost no armour, amphibious, 8 rings, camouflage 1,
gelatinous body 1, nimble swimmer 1, tentacles
a: End Transformation


You were on level 3 of the Dungeon.
One of your tentacles had grown a beastly spike.
You visited 1 branch of the dungeon, and saw 3 of its levels.

You collected 69 gold pieces.

Inventory:

Missiles
 f - 5 stones (quivered)
Scrolls
 b - 2 scrolls of teleportation
Potions
 a - 3 potions of brilliance
 c - a potion of invisibility {unknown}
 d - 2 potions of cancellation {unknown}
 e - 3 potions of curing {unknown}
 g - a potion of attraction {unknown}
 h - a potion of might {unknown}
 i - a potion of heal wounds {unknown}


   Skills:
 + Level 3.2 Fighting
 - Level 2.0 Dodging
 - Level 4.0 Stealth
 - Level 3.0 Unarmed Combat
 - Level 2.0 Spellcasting
 - Level 2.0 Transmutations


You had 4 spell levels left.
You knew the following spells:

 Your Spells              Type           Power      Damage    Failure   Level
a - Beastly Appendage     Tmut           16%        N/A       9%          1
b - Wereblood             Tmut           8%         N/A       14%         2

Your spell library contained the following spells:

 Spells                   Type           Power      Damage    Failure   Level
 Spider Form              Tmut/Pois      2%         N/A       38%         3
 Confusing Touch          Hex            1%         N/A       52%         3
 Gell's Gravitas          Tloc           0%         N/A       52%         3
 Ice Form                 Ice/Tmut       4%         N/A       80%         4
 Petrify                  Tmut/Erth      4%         N/A       80%         4
 Blade Hands              Tmut           4%         N/A       94%         5
 Yara's Violent Unravell  Hex/Tmut       2%         3d3       98%         5
 Metabolic Englaciation   Hex/Ice        0%         N/A       99%         5


Dungeon Overview and Level Annotations

Branches:
Dungeon (3/15)

Altars:
Fedhas

Annotations:
D:1 dig vault


Innate Abilities, Weirdness & Mutations

One of your tentacles has grown a beastly spike.
You cannot wear most types of armour.
You are amphibious.
You can wear up to eight rings at the same time.
Your skin changes colour to match your surroundings (Stealth+).
Your rubbery body absorbs attacks. (AC +1, EV +1)
You are stealthy while swimming. (Stealth+)
You have tentacles for arms and can constrict up to eight enemies at once.


Message History

You start waiting.
An orc is nearby!
The goblin hits something with a +0 club.
Casting: Beastly Appendage (safe; 9% risk of failure)
Confirm with . or Enter, or press ? or * to list all spells.
One of your tentacles grows a vicious spike.
The orc shouts!
You hear a shout!
The goblin hits something with a +0 club.
Casting: Beastly Appendage (safe; 9% risk of failure)
Confirm with . or Enter, or press ? or * to list all spells.
Your blood is infused with primal strength.
You throw a stone. The stone hits the orc.
The orc is lightly wounded.
You throw a stone. The stone barely misses the orc.
The stone hits the orc but does no damage.
You tentacle-slap the orc but do no damage.
Your grab misses the orc.
The orc is lightly wounded.
An orc priest comes into view. It is wielding a +0 mace.
The orc hits you with a +0 mace of distortion!
You blink.
An orc comes into view. It is wielding a +0 club.
Unknown command.
The orc shouts!
You tentacle-slap the orc. Your grab misses the orc. You squeeze the orc.
The orc is heavily wounded.
Your transformation is almost over.
You hear a shout!
You tentacle-slap the orc but do no damage.
Your grab misses the orc.
The orc is heavily wounded.
You tentacle-slap the orc but do no damage.
You grab the orc.
You pierce the orc.
You squeeze the orc.
You kill the orc!
The orc priest begins to cast a cantrip, but forgets the words!
The orc barely misses you.
The orc hits you with a +0 mace of distortion!
* * * LOW HITPOINT WARNING * * *
Space warps horribly around you!
You die...

.......≈≈≈≈..≈≈≈≈..
#.....≈≈≈≈≈≈≈≈≈≈≈..
#.##o..≈≈≈≈≈≈≈≈≈...
#J#g.≈≈≈≈≈≈≈....
#o@....≈≈≈...###
#.##.#.......#
#.##.#.#########
#...............
##.#+##.###......
#.............<#
#..............#
#..............#
.......##.....##


You could see an orc priest, an ooze, 2 orcs and a goblin.

Vanquished Creatures
  Jessica (D:2)
  3 adders
  An ooze (D:1)
  A leopard gecko (D:2)
  An orc (D:3)
  2 ball pythons
  2 giant cockroaches
  7 goblins (D:1)
  5 hobgoblins
  A quokka (D:1)
  6 bats
  4 frilled lizards
  4 kobolds (D:1)
  5 rats
43 creatures vanquished.

Vanquished Creatures (others)
  2 plants (D:3)
2 creatures vanquished.

Grand Total: 45 creatures vanquished

Notes
Turn   | Place    | Note
-------+----------+-------------------------------------------
     0 | D:1      | tilp the Octopode Transmuter began the quest for the Orb.
     0 | D:1      | Reached XP level 1. HP: 13/13 MP: 3/3
    55 | D:1      | Reached skill level 1 in Stealth
   119 | D:1      | Reached skill level 2 in Stealth
   120 | D:1      | Reached XP level 2. HP: 18/18 MP: 3/5
   145 | D:1      | Learned a level 2 spell: Wereblood
   272 | D:1      | Reached skill level 3 in Stealth
   698 | D:1      | Reached XP level 3. HP: 20/23 MP: 4/6
   782 | D:1      | Reached skill level 4 in Stealth
   970 | D:2      | Noticed Jessica
   976 | D:2      | Killed Jessica
  1148 | D:2      | Reached XP level 4. HP: 25/29 MP: 7/7
  2021 | D:3      | Found a blossoming altar of Fedhas.
  2066 | D:3      | Slain by an orc

Illustrated notes

Levels and vault maps discovered:
D:1:      dpeg_arrival_refuge, layout_rooms, due_unseen_surprise
D:2:      layout_loops_ring, uniq_jessica
D:3:      layout_basic, serial_shops, shop, fedhas_ov_isle_minmay

Skill      XL: |  1  2  3  4 |
---------------+-------------+-----
Stealth        | 2 3 4 |  4.0
Fighting       | 2 3 |  3.2
Dodging        | |  2.0
Unarmed Combat | |  3.0
Spellcasting   | |  2.0
Transmutations | |  2.0

Action                   |  1- 3 |  4- 6 || total
-------------------------+-------+-------++-------
Melee: Unarmed           |    54 |    35 ||    89
       Tentacles         |    12 |     9 ||    21
       Constrict         |     9 |    10 ||    19
       Punch             |     2 |       ||     2
       Kick              |     8 |     2 ||    10
Throw: Stone             |     1 |     2 ||     3
 Cast: Beastly Appendage |    15 |     8 ||    23
       Wereblood         |     2 |     2 ||     4
  Use: Scroll            |     3 |     1 ||     4
 Stab: Sleeping          |     4 |     7 ||    11
Armor: Skin              |     2 |     1 ||     3
Dodge: Dodged            |    36 |    23 ||    59

Table legend: (Time is in decaauts)
 A = Elapsed time spent in this place.
 B = Non-inter-level travel time spent in this place.
 C = Inter-level travel time spent in this place.
 D = Time resting spent in this place.
 E = Time spent auto-exploring this place.
 F = Levels seen in this place.
 G = Mean time per level.
                   A        B        C        D        E       F      G
               +--------+--------+--------+--------+--------+-----+--------+
         Total |   2062 |   1955 |    107 |    332 |   1261 |   3 |  687.3 |
       Dungeon |   2062 |   1955 |    107 |    332 |   1261 |   3 |  687.3 |
               +--------+--------+--------+--------+--------+-----+--------+

Top non-repeatable levels by time:
     D:2: 958 daAuts
     D:1: 943 daAuts
     D:3: 160 daAuts
